 Dungeon Crawl Stone Soup version 0.25-a0-341-g6f074c887a (webtiles) character file.

Game seed: 15171390417530303472, levelgen mode: deterministic

2034 Essalna the Thaumaturge (level 9, 0/51 HPs)
             Began as a Deep Elf Ice Elementalist on Dec 29, 2019.
             Was a Follower of Vehumet.
             Succumbed to an orc wizard's poison
             ... on level 6 of the Dungeon on Dec 30, 2019.
             The game lasted 00:41:38 (9006 turns).

Essalna the Thaumaturge (Deep Elf Ice Elementalist) Turns: 9006, Time: 00:41:38

Health: 0/51       AC:  9    Str:  5    XL:     9   Next: 3%
Magic:  8/23       EV: 15    Int: 24    God:    Vehumet [*.....]
Gold:   375        SH:  0    Dex: 15    Spells: 19/24 levels left

rFire    . . .     SeeInvis .   f - +1 short sword (drain)
rCold    . . .     Gourm    .   (no shield)
rNeg     . . .     Faith    .   a - +0 robe
rPois    .         Spirit   .   (no helmet)
rElec    .         Reflect  .   (no cloak)
rCorr    .         Harm     .   j - +2 pair of gloves
MR       +....                  n - +1 pair of boots
Stlth    ++++......             (no amulet)
HPRegen  0.17/turn              m - ring of stealth
MPRegen  0.18/turn              g - ring of stealth

@: lethally poisoned (0 -> -1)
A: yellow scales 1, magic resistance 1
a: Renounce Religion


You were on level 6 of the Dungeon.
You worshipped Vehumet.
Vehumet was aware of your devotion.
You were near starving.

You visited 2 branches of the dungeon, and saw 9 of its levels.

You collected 375 gold pieces.

Inventory:

Hand Weapons
 f - a +1 short sword of draining (weapon)
 l - a +0 dagger
Armour
 a - a +0 robe (worn)
 j - a +2 pair of gloves (worn)
 n - a +1 pair of boots (worn)
Jewellery
 g - a ring of stealth (right hand)
 m - a ring of stealth (left hand)
 p - an uncursed ring of flight
Wands
 v - a wand of polymorph (18)
 x - a wand of paralysis (6)
Scrolls
 b - a scroll of teleportation
 d - 5 scrolls of identify
 h - 2 scrolls of fog
 i - a scroll of random uselessness
 k - a scroll of enchant armour
 q - a scroll of remove curse
 s - 2 scrolls of immolation
 y - a scroll of fear
Potions
 e - a potion of agility
 o - a potion of brilliance
Comestibles
 c - 14 rations


   Skills:
 + Level 3.3 Fighting
 + Level 5.6 Dodging
 + Level 2.6 Stealth
 + Level 8.4 Spellcasting
 + Level 5.6 Conjurations
 + Level 8.0 Ice Magic


You had 19 spell levels left.
You knew the following spells:

 Your Spells              Type           Power        Failure   Level  Hunger
a - Freeze                Ice            ####         1%          1    None
b - Hailstorm             Conj/Ice       #####...     3%          4    ##.....

Your spell library contained the following spells:

 Spells                   Type           Power        Failure   Level  Hunger
 Shock                    Conj/Air       ###.         1%          1    None
 Ensorcelled Hibernation  Hex/Ice        ####..       1%          2    None
 Ozocubu's Armour         Chrm/Ice       ####....     3%          3    None
 Beastly Appendage        Tmut           ##....       6%          1    None
 Confusing Touch          Hex            ##....       6%          1    None
 Corona                   Hex            ##.....      6%          1    None
 Dazzling Flash           Conj/Hex       ###...       6%          3    None
 Sticks to Snakes         Tmut           ##......     10%         2    None
 Ice Form                 Ice/Tmut       ####....     12%         4    ##.....
 Summon Ice Beast         Ice/Summ       ####....     12%         4    ##.....
 Confuse                  Hex            ##......     19%         3    None
 Gell's Gravitas          Tloc           ##........   19%         3    None
 Spider Form              Tmut/Pois      ##........   19%         3    None
 Tukima's Dance           Hex            ##......     19%         3    None
 Metabolic Englaciation   Hex/Ice        ####......   32%         5    ####...
 Petrify                  Tmut/Erth      ##......     52%         4    ##.....
 Blade Hands              Tmut           ##........   86%         5    ####...
 Yara's Violent Unravell  Hex/Tmut       ##........   86%         5    ####...


Dungeon Overview and Level Annotations

Branches:
Dungeon (8/15)             Temple (1/1) D:4
   Lair: D:8-11

Altars:
Ashenzari
Cheibriados
Dithmenos
Elyvilon
Fedhas
Gozag
Hepliaklqana
Kikubaaqudgha
Makhleb
Nemelex Xobeh
Okawaru
Qazlal
Ru
Sif Muna
Trog
Uskayaw
Vehumet
Wu Jian
Yredelemnul
Zin
The Shining One

Annotations:
D:4 Grinder


Innate Abilities, Weirdness & Mutations

You are partially covered in yellow scales. (AC +2)
You are resistant to hostile enchantments. (MR+)


Message History

A mysterious force pulls you upwards. The hatch slams shut behind you.
Reactivating autopickup.
* * * LOW HITPOINT WARNING * * *
You feel sick.
Unknown command.
Okay, then.
Unknown command.
Okay, then.
Unknown command.
Okay, then.
Unknown command.
There is a lethal amount of poison in your body!
Unknown command.
Unknown command.
There is a lethal amount of poison in your body!
* * * LOW HITPOINT WARNING * * *
You feel sick.
* * * LOW HITPOINT WARNING * * *
You feel sick.
You die...

#####################
...................>#
..........###########
######..........@#
.....+...........#
.....#...........#
.....'...........#
.....#...........#
.....#...........#
.....#############
.....# #########


There were no monsters in sight!

Vanquished Creatures
  A water moccasin (D:7)
  4 orc warriors
  An ogre (D:4)
  A centaur (D:7)
  2 bullfrogs
  3 scorpions
  A vampire bat (D:4)
  A howler monkey (D:5)
  4 crimson imps
  A jelly (D:7)
  3 hounds (D:5)
  A centaur skeleton (D:4)
  2 bullfrog skeletons
  3 orc priests
  2 iguanas
  4 orc wizards
  Ijyb (D:4)
  3 worker ants
  4 gnolls (D:7)
  13 adders
  2 shadow imps
  An ooze (D:3)
  An adder skeleton (D:4)
  An adder zombie (D:5)
  2 dart slugs (D:1)
  5 worms
  4 leopard geckos
  37 orcs
  9 bats
  4 bat skeletons (D:4)
  3 bat zombies (D:4)
  6 giant cockroaches
  6 goblins
  8 hobgoblins
  4 jackals
  7 kobolds
  3 quokkas
  A ball python (D:6)
  2 frilled lizards
  A jackal skeleton (D:5)
  2 rats (D:1)
164 creatures vanquished.

Notes
Turn   | Place    | Note
-------+----------+-------------------------------------------
     0 | D:1      | Essalna the Deep Elf Ice Elementalist began the quest for
                  | the Orb.
     0 | D:1      | Reached XP level 1. HP: 10/10 MP: 6/6
     6 | D:1      | Noticed a swamp worm
     6 | D:1      | Noticed a worker ant
     6 | D:1      | Noticed a wolf
     7 | D:1      | Noticed an anaconda
     7 | D:1      | Noticed a swamp drake
   119 | D:1      | Reached XP level 2. HP: 9/15 MP: 4/8
   623 | D:1      | Reached skill level 5 in Ice Magic
   623 | D:1      | Reached XP level 3. HP: 12/19 MP: 7/10
  1043 | D:2      | Found a bloodstained altar of Trog.
  1051 | D:2      | Found a white marble altar of Elyvilon.
  1231 | D:2      | Reached XP level 4. HP: 22/24 MP: 8/12
  1245 | D:2      | Learned a level 4 spell: Hailstorm
  1392 | D:2      | Reached skill level 5 in Spellcasting
  1658 | D:3      | Reached skill level 1 in Conjurations
  1702 | D:3      | Found a sacrificial altar of Ru.
  1734 | D:3      | Found a hazy altar of Hepliaklqana.
  2004 | D:3      | Reached XP level 5. HP: 16/28 MP: 8/14
  2560 | D:3      | Found a blossoming altar of Fedhas.
  3141 | D:4      | Reached XP level 6. HP: 32/32 MP: 16/16
  3726 | D:4      | Noticed Grinder
  3801 | D:4      | Found a staircase to the Ecumenical Temple.
  3809 | D:4      | Paralysed by Grinder for 5 turns
  3821 | Temple   | Entered the Ecumenical Temple
  4063 | Temple   | Upgraded the game from 0.25-a0-339-gb37b713d4c to
                  | 0.25-a0-341-g6f074c887a
  4069 | Temple   | Became a worshipper of Vehumet
  4107 | D:4      | Found an ornate altar of the Wu Jian Council.
  4367 | D:4      | Noticed Ijyb
  4377 | D:4      | Killed Ijyb
  4476 | D:4      | Paralysed by Grinder for 3 turns
  4483 | D:4      | Paralysed by Grinder for 6 turns
  4783 | D:4      | Noticed Grinder
  4783 | D:4      | Grinder changed into Grinder the ynoxinul
  4879 | D:5      | Entered Level 5 of the Dungeon
  4889 | D:5      | Gained mutation: You are resistant to hostile enchantments.
                  | (MR+) [potion of mutation]
  4889 | D:5      | Gained mutation: You are partially covered in yellow
                  | scales. (AC +2) [potion of mutation]
  5283 | D:5      | Reached XP level 7. HP: 27/37 MP: 3/18
  5712 | D:5      | Reached skill level 1 in Fighting
  5994 | D:6      | Found a shadowy altar of Dithmenos.
  6101 | D:5      | Found a shattered altar of Ashenzari.
  6929 | D:4      | Found an ancient bone altar of Kikubaaqudgha.
  6939 | D:4      | Reached XP level 8. HP: 40/44 MP: 11/20
  6948 | D:4      | Reached * piety under Vehumet
  6948 | D:4      | Offered knowledge of Shock by Vehumet.
  7002 | D:4      | Found a burning altar of Makhleb.
  7029 | D:4      | Found a hazy altar of Hepliaklqana.
  8401 | D:7      | Reached skill level 5 in Conjurations
  8438 | D:8      | Found a sparkling altar of Nemelex Xobeh.
  8441 | D:8      | Reached skill level 5 in Dodging
  8973 | D:7      | Reached XP level 9. HP: 33/51 MP: 7/23
  8997 | D:6      | HP: 2/51 [poisoned by an orc wizard]
  9002 | D:6      | HP: 1/51 [poisoned by an orc wizard]
  9006 | D:6      | Succumbed to an orc wizard's poison

Levels and vault maps discovered:
D:1:      onia_arrival_zoo_common, layout_loops_cross, minmay_misc_feat_room
D:2:      layout_rooms, nicolae_overflow_crystal_walls, bloody_trog,
          first_ration, minmay_liquid_box, serial_bayou_ford_a, chequers_garden
D:3:      layout_loops_ring, nicolae_ru_awakened_eye, marbit_many_paths,
          lemuel_crystal_altar, grunt_ministairs_6
D:4:      layout_cave_pools, kennysheep_vampire_church, lightli_temple_of_fire,
          kennysheep_mini, minmay_temple_entry_drinking_statues,
          lemuel_tele_altar, uniq_grinder, uniq_ijyb
D:5:      layout_rooms, ashenzari_altar_1
D:6:      layout_basic, kennysheep_mini_moat
D:7:      layout_rooms
D:8:      layout_loops_ring, nemelex_xobeh_ov_fountains_minmay,
          erik_lair_island, serial_shops, nicolae_shop_overgrown_old_shop,
          hangedman_ranch [blue_anna_fruit_fields], nicolae_elemental_shop,
          uniq_pikel
Temple:   zaba_magenta_temple

Skill      XL: |  1  2  3  4  5  6  7  8 |
---------------+-------------------------+-----
Spellcasting   | 4 5 6 7 8 |  8.4
Ice Magic      | 5 6 7 8 |  8.0
Conjurations   | 1 2 3 4 5 |  5.6
Fighting       | 1 3 |  3.3
Dodging        | 4 5 |  5.6
Stealth        | |  2.6

Action                   |  1- 3 |  4- 6 |  7- 9 || total
-------------------------+-------+-------+-------++-------
Melee: Dagger            |    17 |   101 |    11 ||   129
       Short sword       |       |       |    84 ||    84
 Cast: Freeze            |    47 |   112 |   114 ||   273
       Hailstorm         |       |    11 |    43 ||    54
Evoke: Wand              |       |     4 |       ||     4
  Use: Potion            |       |     4 |       ||     4
       Scroll            |       |       |    11 ||    11
 Stab: Sleeping          |     7 |     6 |     9 ||    22
  Eat: Chunk             |     1 |     8 |    12 ||    21
       Ration            |       |     1 |     1 ||     2
Armor: Robe              |     9 |    56 |    88 ||   153
Dodge: Dodged            |    27 |   142 |   166 ||   335

Table legend:
 A = Non-vault XP
 B = Vault XP
 C = Vault XP percentage of total XP
 D = Non-vault monster count
 E = Vault monster count
 F = Vault count percentage of total count
                 A         B        C        D         E       F
            +---------+---------+-------+---------+---------+-------
      Total |    2796 |     111 |   3.8 |     153 |      11 |   6.7
            +---------+---------+-------+---------+---------+-------
        D:1 |      41 |       0 |   0.0 |      21 |       0 |   0.0
        D:2 |     103 |       0 |   0.0 |      29 |       0 |   0.0
        D:3 |     153 |       5 |   3.2 |      20 |       2 |   9.1
        D:4 |     342 |     106 |  23.7 |      15 |       9 |  37.5
        D:5 |     581 |       0 |   0.0 |      27 |       0 |   0.0
        D:6 |     236 |       0 |   0.0 |       8 |       0 |   0.0
        D:7 |    1130 |       0 |   0.0 |      28 |       0 |   0.0
        D:8 |     210 |       0 |   0.0 |       5 |       0 |   0.0
            +---------+---------+-------+---------+---------+-------
